 Dungeon Crawl Stone Soup version 0.19.1-1-g22dce08 (webtiles) character file.

63 theAP the Cudgeler (level 4, -8/29 HPs)
             Began as a Gargoyle Monk on Jan 2, 2017.
             Mangled by an ogre
             ... wielding a +0 giant spiked club
              (25 damage)
             ... on level 3 of the Dungeon.
             The game lasted 00:03:48 (1780 turns).

theAP the Cudgeler (Gargoyle Monk)                  Turns: 1780, Time: 00:03:48

Health: -8/29      AC: 13    Str: 15    XL:     4   Next: 9%
Magic:  4/4        EV:  7    Int: 11    God:
Gold:   129        SH:  0    Dex: 12    Spells: 0 memorised, 3 levels left

rFire  . . .     SeeInvis .     a - +0 mace
rCold  . . .     Gourm    .     j - +0 chain mail
rNeg   + . .     Faith    .     (no shield)
rPois  ∞         Spirit   .     i - +0 helmet (curse)
rElec  +         Reflect  .     (no cloak)
rCorr  .         Harm     .     e - +0 pair of gloves (curse)
MR     .....                    (no boots)
Stlth  ..........               (no amulet)
                                (no ring)
                                (no ring)

@: no status effects
A: negative energy resistance 1, electricity resistance, unbreathing,
petrification resistance, rot immunity, AC +3
a: no special abilities


You were on level 3 of the Dungeon.
You were not hungry.

You visited 1 branch of the dungeon, and saw 3 of its levels.

You collected 129 gold pieces.

Inventory:

Hand Weapons
 a - a +0 mace (weapon)
Armour
 b - a +0 robe
 d - a +1 leather armour of cold resistance
 e - a cursed +0 pair of gloves (worn)
 i - a cursed +0 helmet (worn)
 j - a +0 chain mail (worn)
Scrolls
 f - 7 scrolls of identify {unknown}
 g - a scroll of amnesia {unknown}
 k - a scroll of teleportation {unknown}
 l - a scroll of enchant weapon {unknown}
 m - a scroll of immolation {unknown}
 r - a scroll of magic mapping {unknown}
Potions
 n - a potion of magic {unknown}
 o - a potion of agility {unknown}
 q - a potion of flight {unknown}
Comestibles
 c - a bread ration
 p - a meat ration


   Skills:
 + Level 3.7 Fighting
 * Level 4.3 Maces & Flails
 - Level 2.6 Dodging
 - Level 2.1 Stealth


You had 3 spell levels left.
You didn't know any spells.

Dungeon Overview and Level Annotations

Branches:
Dungeon (3/15)

Altars:


Innate Abilities, Weirdness & Mutations

You are resistant to torment.
Your stone body is resilient. (AC +3)
You are immune to poison.
You resist negative energy. (rN+)
You are resistant to electric shocks. (rElec)
You can survive without breathing.
You are immune to petrification.
You are immune to rotting.


Message History

The bat hits you but does no damage.
You closely miss the bat.
The bat is moderately wounded.
The bat hits you but does no damage.
You hit the bat.
You kill the bat!
No target in view!
Found a stone staircase leading down.
An ogre comes into view. It is wielding a giant spiked club.
The ogre shouts!
The ogre barely misses you.
Found 26 stones.
You hit the ogre.
The ogre is lightly wounded.
The ogre hits you with a giant spiked club!
You sock the ogre!
The ogre is heavily wounded.
The ogre hits you with a giant spiked club!!
Ouch! That really hurt!
You die...

#### #....(...# ...#
#........# ...#
#........# ...#
#........# †..#
#........# ...##
#........# ..†.#
#........#####
.†..######.....[@O....#
.........######.#####.#
###.####.######.#####.#
.....................>#
....#####÷##........#.#
.#..# #..#†.......#
.#..# ##..........#
.#..### #..........#
.#....# #............


You could see an ogre.

Vanquished Creatures
  An adder (D:2)
  A worm (D:2)
  A leopard gecko (D:2)
  2 orcs (D:3)
  A giant cockroach (D:1)
  2 goblins
  8 hobgoblins
  7 jackals (D:3)
  7 kobolds
  5 bats
  7 rats
42 creatures vanquished.

Vanquished Creatures (others)
  A plant (D:2)
1 creature vanquished.

Grand Total: 43 creatures vanquished

Notes
Turn   | Place    | Note
-------+----------+-------------------------------------------
     0 | D:1      | theAP the Gargoyle Monk began the quest for the Orb.
     0 | D:1      | Reached XP level 1. HP: 14/14 MP: 1/1
   334 | D:1      | Reached XP level 2. HP: 13/19 MP: 2/2
   876 | D:2      | Reached XP level 3. HP: 19/23 MP: 3/3
  1626 | D:3      | Reached skill level 4 in Maces & Flails
  1673 | D:3      | Reached XP level 4. HP: 29/29 MP: 4/4
  1777 | D:3      | Noticed an ogre
  1780 | D:3      | Mangled by an ogre

Skill      XL: |  1  2  3 |
---------------+----------+-----
Maces & Flails | 4 |  4.3
Fighting       | |  3.7
Dodging        | |  2.6
Stealth        | |  2.1

Action                   |  1- 3 |  4- 6 || total
-------------------------+-------+-------++-------
Melee: Mace              |   157 |    26 ||   183
  Eat: Chunk             |     1 |     1 ||     2
       Beef jerky        |     1 |       ||     1
Armor: Chain mail        |   116 |    23 ||   139
       Leather armour    |     8 |       ||     8
Dodge: Dodged            |    53 |     8 ||    61
